 Dungeon Crawl Stone Soup version 0.22.0-6-g71bd7aa (webtiles) character file.

26 digijack the Firebug (level 3, 26/26 HPs)
             Began as a Hill Orc Fire Elementalist on Aug 15, 2018.
             Got out of the dungeon alive.
             The game lasted 00:07:00 (1641 turns).

digijack the Firebug (Hill Orc Fire Elementalist)   Turns: 1641, Time: 00:07:01

Health: 26/26      AC:  3    Str: 10    XL:     3   Next: 8%
Magic:  5/5        EV: 12    Int: 16    God:
Gold:   65         SH:  0    Dex: 11    Spells: 2/5 levels left

rFire    . . .     SeeInvis .   h - +0 club
rCold    . . .     Gourm    .   (no shield)
rNeg     . . .     Faith    .   a - +1 robe
rPois    .         Spirit   .   (no helmet)
rElec    .         Reflect  .   (no cloak)
rCorr    .         Harm     .   (no gloves)
MR       .....                  (no boots)
Stlth    ++........             (no amulet)
HPRegen  0.08/turn              (no ring)
MPRegen  0.09/turn              (no ring)

@: no status effects
A: no striking features
a: no special abilities


You escaped.
You were not hungry.

You visited 1 branch of the dungeon, and saw 2 of its levels.

You collected 65 gold pieces.

Inventory:

Hand Weapons
 h - a +0 club (weapon)
Missiles
 e - 84 stones (quivered)
 k - 2 tomahawks of returning
Armour
 a - a +1 robe (worn)
Scrolls
 f - a scroll of teleportation
 j - a scroll of amnesia
Potions
 d - a potion of mutation {unknown}
 n - a potion of agility {unknown}
Comestibles
 b - 2 chunks of flesh
 c - 4 rations


   Skills:
 + Level 0.2 Throwing
 + Level 1.9 Dodging
 - Level 1.6 Stealth
 + Level 1.8 Spellcasting
 + Level 1.5 Conjurations
 + Level 3.6 Fire Magic


You had 2 spell levels left.
You knew the following spells:

 Your Spells              Type           Power        Failure   Level  Hunger
a - Flame Tongue          Conj/Fire      #....        8%          1    #......
b - Throw Flame           Conj/Fire      #.....       11%         2    ###....

Your spell library contained the following spells:

 Spells                   Type           Power        Failure   Level  Hunger
 Fireball                 Conj/Fire      #.........   90%         5    ######.
 Conjure Flame            Conj/Fire      #.......     22%         3    ###....
 Sticky Flame             Conj/Fire      #.......     58%         4    #####..
 Inner Flame              Hex/Fire       #.......     30%         3    ###....


Dungeon Overview and Level Annotations

Branches:
Dungeon (2/15)

Altars:


Message History

Things that are here:
a dagger; a robe; a short sword You enter the shallow water.
Moving in this stuff is going to be slow.
There is a faded altar of an unknown god here.
You cannot tell which god this altar belongs to.
Convert to them anyway?
Okay, then.
You enter the shallow water.
Moving in this stuff is going to be slow.
Magic restored.
There is a stone staircase leading up here.
You climb upwards.
There is a stone staircase leading down here.
Unknown command.
There is a stone staircase leading down here.
Some of the chunks of flesh in your inventory have rotted away.
You see here a mace.
There is a staircase leading out of the dungeon here.
Are you sure you want to leave the Dungeon?
This will make you lose the game!
You have escaped! #.# #......# #..#.#.# #.# ##'#'########.#.#.# #.# #.#............#.# #####.### #.##########...#.# #.......####..............#.# #.......'.....).........#.#.# #.......#################.#.# #.......PPPPPPPPPPPPPPPPP...#

#.......PPPPPP..@).PPPPPP#..#
........PPPP..PPPPP..PPPP#..#####
........PPP.PPP...PPP.PPP#.......
.....(..PPP.PP.PPP.PP.PPP#.>#####
.....###PP.PP.PP.PP.PP.PP##.#
.....# #PP.P.PP.P.PP.P.PP##.#
.....# #PP.P.P.PPP.P.P.PP##.#
.....# #PP.P.PP.P.PP.P.PP##.#
>....# #PP.PP.PP.PP.PP.PP##.#####


There were no monsters in sight!

Vanquished Creatures
  An ooze (D:1)
  A worm (D:2)
  A dart slug (D:1)
  A leopard gecko (D:2)
  A goblin (D:1)
  3 hobgoblins
  2 bats (D:1)
  A jackal zombie (D:2)
  4 kobolds
  2 rats
17 creatures vanquished.

Notes
Turn   | Place    | Note
-------+----------+-------------------------------------------
     0 | D:1      | digijack the Hill Orc Fire Elementalist began the quest for the Orb.
     0 | D:1      | Reached XP level 1. HP: 14/14 MP: 3/3
   248 | D:1      | Reached XP level 2. HP: 20/20 MP: 0/4
   294 | D:1      | Learned a level 2 spell: Throw Flame
  1438 | D:2      | Found a faded altar of an unknown god.
  1460 | D:2      | Reached XP level 3. HP: 22/26 MP: 0/5
  1641 | D:$      | Got out of the dungeon alive.

Action                   || total
-------------------------++-------
Melee: Unarmed           ||     3
       Club              ||     3
Throw: Stone             ||    18
       Tomahawk          ||     2
 Cast: Flame Tongue      ||    26
       Throw Flame       ||     5
  Use: Scroll            ||     6
  Eat: Ration            ||     1
Armor: Robe              ||     2
Dodge: Dodged            ||    13
